 Dungeon Crawl Stone Soup version bcrawl-1.31.4 (webtiles) character file.

Game seed: 1648918423892912529

133971 Morbidden the Sneak (level 3, -6/20 HPs)
             Began as a Vine Stalker Archaeologist on June 9, 2021.
             Mangled by a goblin
             ... wielding a +0 club
             ... led by Robin
              (10 damage)
             ... on level 2 of the Dungeon.
             The game lasted 00:02:10 (972 turns).

Morbidden the Sneak (Vine Stalker Archaeologist)     Turns: 972, Time: 00:02:11

Health: -6/20      AC:  6    Str: 13    XL:     3   Next: 58%
Magic:  4/4        EV: 13    Int: 15    God:
Gold:   52         SH:  0    Dex: 12    Spells: 3/3 levels left

rFire    . . .     SeeInvis .     - Fists (4.8)
rCold    . . .     Gourm    .   (no shield)
rNeg     . . .     Faith    .   c - +1 robe
rPois    .         Spirit   .   d - +1 hat
rElec    .         Reflect  .   (no cloak)
rCorr    .         Harm     .   (no gloves)
MR       .....                  i - +1 pair of boots
Stlth    +++.......             (no amulet)
HPRegen  0.46/turn              (no ring)
MPRegen  0.09/turn              (no ring)

@: no status effects
A: fangs 2, regeneration 1, no potion heal 3, rot immunity, strong jaws
a: no special abilities


You were on level 2 of the Dungeon.
You were not hungry.

You visited 1 branch of the dungeon, and saw 2 of its levels.

You collected 52 gold pieces.

Inventory:

Hand Weapons
 b - a +0 blowgun
 l - a +0 hunting sling of freezing
Missiles
 f - 6 curare-tipped needles
 k - 42 poisoned tomahawks (quivered)
 o - 171 sling bullets
 p - 144 poisoned needles
Armour
 c - a +1 robe (worn)
 d - a +1 hat (worn)
 i - a +1 pair of boots (worn)
Scrolls
 g - a scroll of magic mapping
 n - a scroll of teleportation {unknown}
 r - a scroll of amnesia {unknown}
Potions
 a - 2 potions of lignification {unknown}
 j - a potion of curing {unknown}
 m - a potion of cancellation {unknown}
Miscellaneous
 h - a dusty tome
Comestibles
 e - 2 rations {!d}
 q - 2 chunks of flesh


   Skills:
 * Level 1.0 Fighting
   Level 0.8 Maces & Flails
 * Level 4.0 Dodging
 + Level 4.8 Stealth
 * Level 1.4 Unarmed Combat
 * Level 0.5 Spellcasting


You had 3 spell levels left.
You didn't know any spells.
Your spell library was empty.

Dungeon Overview and Level Annotations

Branches:
Dungeon (2/12)

Altars:
Sif Muna

Annotations:
D:2 Robin


Innate Abilities, Weirdness & Mutations

You have extremely sharp teeth.
Your natural rate of healing is unusually fast.
Potions cannot restore your health.
You are immune to rotting.
Your bites deal extra damage.


Message History

Robin is moderately wounded.
The goblin closely misses you. Robin hits you but does no damage.
You hit Robin.
Robin is moderately wounded.
Robin barely misses you. The goblin hits you with a +0 club.
* * * LOW HITPOINT WARNING * * *
No path to travel!
No path to travel!
Okay, then.
Unknown command.
Throwing (i - inventory)
k - 43 poisoned tomahawks (quivered)
Press: ? - help, Shift-Dir - straight line, f - Robin
Aim: Robin, wielding a +0 spear, wearing a +0 animal skin and wearing a +0 helmet (moderately wounded)
You throw a poisoned tomahawk.
The poisoned tomahawk hits Robin but does no damage.
Robin is poisoned.
Robin is moderately wounded.
Robin hits you but does no damage. The goblin hits you with a +0 club!
Ouch! That really hurt!
You die...

.# #.##.# .#######
#.##.# >##....# #.##.#
.##....##########.##.#
..'....'.>........##.#
.##....#.###########.#
###....#.# #.#
#....#.# #######.#
#....#.# #.g@g...#
#....#.# #.#######
#....#.# #)# ########
#.# #.# #.# #†# #.#
♣.......#


You could see Robin and a goblin.

Vanquished Creatures
  A worm (D:2)
  2 leopard geckos (D:1)
  A ball python (D:1)
  3 bats
  7 goblins (D:2)
  3 hobgoblins
  7 jackals
  A kobold (D:1)
  7 frilled lizards
32 creatures vanquished.

Notes
Turn   | Place    | Note
-------+----------+-------------------------------------------
     0 | D:1      | Morbidden the Vine Stalker Archaeologist began the quest
                  | for the Orb.
     0 | D:1      | Reached XP level 1. HP: 11/11 MP: 2/2
    69 | D:1      | Reached XP level 2. HP: 14/16 MP: 3/3
   505 | D:1      | Reached XP level 3. HP: 20/20 MP: 4/4
   758 | D:2      | Found a shimmering blue altar of Sif Muna.
   810 | D:2      | Reached skill level 1 in Unarmed Combat
   933 | D:2      | Noticed Robin
   948 | D:2      | Reached skill level 1 in Fighting
   972 | D:2      | Mangled by a goblin

Skill      XL: |  1  2  3 |
---------------+----------+-----
Dodging        | 4 |  4.0
Unarmed Combat | 1 |  1.4
Fighting       | 1 |  1.0
Maces & Flails | |  0.8
Stealth        | |  4.8
Spellcasting   | |  0.5

Action                   || total
-------------------------++-------
Melee: Unarmed           ||   194
       Bite              ||    14
Throw: Tomahawk          ||     5
 Stab: Sleeping          ||     5
  Eat: Chunk             ||     5
Armor: Robe              ||    80
Dodge: Dodged            ||   159
